 Dungeon Crawl Stone Soup version 0.26-a0-639-g72c4674329 (webtiles) character file.

Game seed: 10722106304777180909

206 DogServant the Chopper (level 5, 0/47 HPs)
             Began as a Minotaur Berserker on Sept 19, 2020.
             Was a Follower of Trog.
             Succumbed to an adder's poison
             ... on level 4 of the Dungeon.
             The game lasted 00:01:35 (1250 turns).

DogServant the Chopper (Minotaur Berserker)         Turns: 1250, Time: 00:01:35

Health: 0/47       AC:  2    Str: 22    XL:     5   Next: 53%
Magic:  4/4        EV: 13    Int:  4    God:    Trog [*.....]
Gold:   68         SH:  0    Dex: 10    Spells: 4/4 levels left

rFire    . . .     SeeInvis .   a - +0 hand axe
rCold    . . .     Faith    .   (no shield)
rNeg     . . .     Spirit   .   b - +0 animal skin
rPois    .         Reflect  .   (helmet restricted)
rElec    .         Harm     .   (no cloak)
rCorr    .         Rampage  .   (no gloves)
MR       .....                  (no boots)
Stlth    +.........             (no amulet)
HPRegen  0.15/turn              (no ring)
MPRegen  0.09/turn              (no ring)

@: brilliant, lethally poisoned (0 -> -3), berserk cooldown, slowed, very slow
A: retaliatory headbutt, horns 2
a: Berserk, Renounce Religion


You were on level 4 of the Dungeon.
You worshipped Trog.
Trog was aware of your devotion.
You visited 1 branch of the dungeon, and saw 3 of its levels.

You collected 68 gold pieces.

Inventory:

Hand Weapons
 a - a +0 hand axe (weapon)
Armour
 b - a +0 animal skin (worn)
Jewellery
 g - an uncursed amulet of magic regeneration {unknown}
Scrolls
 c - 2 scrolls of identify {unknown}
 d - a scroll of blinking {unknown}
 e - a scroll of fog {unknown}
Potions
 h - a potion of magic {unknown}


   Skills:
 + Level 4.9 Fighting
 + Level 5.7 Axes
 + Level 2.7 Armour
 + Level 3.4 Dodging
 + Level 0.7 Stealth


You had 4 spell levels left.
You didn't know any spells.
Your spell library was empty.

Dungeon Overview and Level Annotations

Branches:
Dungeon (2/15)

Altars:

Annotations:
D:2 Natasha


Innate Abilities, Weirdness & Mutations

You reflexively headbutt those who attack you in melee.
You have a pair of horns on your head.


Message History

You destroy Menkaure!
Trog accepts your kill.
Trog appreciates your killing of a magic user.
Your Axes skill increases to level 5!
You have reached level 5!
* * * LOW HITPOINT WARNING * * *
You feel sick.
You see here 8 gold pieces.
You feel a strong urge to attack something.
You are no longer berserk.
You are exhausted.
You feel yourself slow down.
* * * LOW HITPOINT WARNING * * *
You feel sick.
You see here 8 gold pieces.
There is a lethal amount of poison in your body!
Okay, then.
It was a potion of brilliance.
You feel clever all of a sudden.
You die...

### # ... . #.## .#
... .# ###.###.###..
#............
#........(...
#...###@#...... #
#.#..##.. #.#......
#.##.##.. # #
#........ .#.#
##.####.##.##.###....
#.......##.##.#.....
<...####.##(##.#.#.#
# #.####.##.##.....#


There were no monsters in sight!

Vanquished Creatures
  Menkaure (D:4)
  A scorpion (D:4)
  An adder (D:4)
  A dart slug (D:1)
  2 leopard geckos (D:1)
  3 hobgoblins (D:1)
  A kobold (D:1)
  5 bats (D:1)
  6 frilled lizards
  5 goblins (D:1)
  A leopard gecko skeleton (D:4)
  A rat (D:1)
28 creatures vanquished.

Vanquished Creatures (others)
  A bullfrog (D:4)
  A howler monkey (D:4)
  An iguana (D:4)
  2 adders (D:4)
  An ooze (D:4)
6 creatures vanquished.

Grand Total: 34 creatures vanquished

Notes
Turn   | Place    | Note
-------+----------+-------------------------------------------
     0 | D:1      | DogServant the Minotaur Berserker began the quest for the
                  | Orb.
     0 | D:1      | Reached XP level 1. HP: 19/19 MP: 0/0
   231 | D:1      | Reached XP level 2. HP: 27/27 MP: 1/1
   359 | D:1      | Reached skill level 4 in Axes
   911 | D:1      | Reached XP level 3. HP: 26/33 MP: 2/2
  1034 | D:2      | Noticed Natasha
  1162 | D:2      | You fall into a shaft and drop 2 floors!
  1165 | D:4      | Noticed a scorpion
  1169 | D:4      | Killed a scorpion
  1169 | D:4      | Reached XP level 4. HP: 34/41 MP: 3/3
  1194 | D:4      | Killed a bullfrog
  1232 | D:4      | Noticed Menkaure
  1245 | D:4      | HP: 3/61 [??? (1)]
  1246 | D:4      | Killed Menkaure
  1246 | D:4      | Reached skill level 5 in Axes
  1246 | D:4      | Reached XP level 5. HP: 4/47 MP: 4/4
  1249 | D:4      | HP: 1/47 [poisoned by an adder]
  1250 | D:4      | Succumbed to an adder's poison

Illustrated notes

Levels and vault maps discovered:
D:1:      dpeg_arrival_line_fractal, layout_loops_ring, minmay_ruptured
D:2:      layout_loops_ring, grunt_dithmenos_smoke_and_mirrors, minitemple,
          grunt_ministairs_8, fedhas_altar_1, uniq_natasha
D:4:      layout_loops_ring, vehumet_statue, nicolae_overflow_crystal_walls,
          xom_confusion_cloud, uniq_menkaure

Skill      XL: |  1  2  3  4 |
---------------+-------------+-----
Fighting       | 4 |  4.9
Axes           | 4 5 |  5.7
Dodging        | 3 |  3.4
Armour         | |  2.7
Stealth        | |  0.7

Action                   |  1- 3 |  4- 6 || total
-------------------------+-------+-------++-------
Melee: Hand axe          |    44 |     8 ||    52
       Headbutt          |     5 |     1 ||     6
Invok: Berserk           |       |     1 ||     1
  Use: Potion            |       |     1 ||     1
Armor: Animal skin       |     7 |       ||     7
Dodge: Dodged            |    28 |     5 ||    33

Table legend: (Time is in decaauts)
 A = Elapsed time spent in this place.
 B = Non-inter-level travel time spent in this place.
 C = Inter-level travel time spent in this place.
 D = Time resting spent in this place.
 E = Time spent auto-exploring this place.
 F = Levels seen in this place.
 G = Mean time per level.
                   A        B        C        D        E       F      G
               +--------+--------+--------+--------+--------+-----+--------+
         Total |   1250 |   1218 |     32 |    104 |    957 |   3 |  416.7 |
       Dungeon |   1250 |   1218 |     32 |    104 |    957 |   3 |  416.7 |
               +--------+--------+--------+--------+--------+-----+--------+

Top non-repeatable levels by time:
     D:1: 1024 daAuts
     D:2: 141 daAuts
     D:4: 85 daAuts
